 Dungeon Crawl Stone Soup version 0.30.1-11-g7821555f0a (webtiles) character file.

Game seed: 5298787945173363727

73 safid the Chiller (level 4, -7/33 HPs)
             Began as a Merfolk Ice Elementalist on Oct 27, 2023.
             Mangled by a gnoll
             ... wielding a +0 flail
              (9 damage)
             ... on level 2 of the Dungeon.
             The game lasted 00:02:03 (1187 turns).

safid the Chiller (Merfolk Ice Elementalist)        Turns: 1187, Time: 00:02:04

Health: -7/33      AC:  3    Str:  8    XL:     4   Next: 27%
Magic:  7/8        EV: 12    Int: 16    God:
Gold:   125        SH:  0    Dex: 14    Spells: 1/8 levels left

rFire   . . .        d - +0 short sword
rCold   . . .        (no shield)
rNeg    . . .        a - +0 robe
rPois   .            k - +0 helmet
rElec   .            (no cloak)
rCorr   .            (no gloves)
SInv    .            (no boots)
Will    .....        (no amulet)
Stlth   ++           g - ring of wizardry
HPRegen 0.25/turn    (no ring)
MPRegen 0.11/turn

%: wizardry (x1)
@: no status effects
A: (nimble swimmer 2), mertail
a: no special abilities


You were on level 2 of the Dungeon.
You visited 1 branch of the dungeon, and saw 2 of its levels.

You collected 125 gold pieces.

Inventory:

Hand Weapons
 d - a +0 short sword (weapon)
Armour
 a - a +0 robe (worn)
 k - a +0 helmet (worn)
Jewellery
 g - a ring of wizardry (left hand)
Scrolls
 f - a scroll of teleportation {unknown}
 h - a scroll of magic mapping {unknown}
 i - a scroll of identify {unknown}
Potions
 b - a potion of magic
 c - a potion of lignification {unknown}
 e - a potion of mutation {unknown}
 j - a potion of cancellation {unknown}


   Skills:
 + Level 2.1 Fighting
 - Level 2.6 Dodging
 - Level 2.1 Stealth
 + Level 2.8 Spellcasting
 + Level 5.0 Ice Magic


You had one spell level left.
You knew the following spells:

 Your Spells              Type           Power      Damage    Failure   Level
a - Freeze                Ice            72%        1d8       1%          1
b - Frozen Ramparts       Ice            36%        1d6       2%          3
c - Ozocubu's Armour      Ice            18%        N/A       2%          3

Your spell library contained the following spells:

 Spells                   Type           Power      Damage    Failure   Level
 Sting                    Tmut/Pois      8%         1d3       8%          1
 Poisonous Vapours        Pois/Air       4%         N/A       12%         2
 Summon Ice Beast         Ice/Summ       10%        N/A       26%         4
 Manifold Assault         Tloc           2%         N/A       56%         4
 Olgreb's Toxic Radiance  Pois           2%         N/A       56%         4
 Dispersal                Tloc           1%         N/A       100%        6
 Disjunction              Tloc           1%         N/A       100%        8


Dungeon Overview and Level Annotations

Branches:
Dungeon (2/15)

Altars:


Innate Abilities, Weirdness & Mutations

((You are very nimble when in or above water. (Stealth+, EV+, Speed+++)))
Your lower body shifts to a powerful aquatic tail in water.


Message History

The gnoll shouts!
You hear a shout! x3
Found a stone staircase leading down.
You hear an angry hiss.
The gnoll hits you but does no damage.
Found a mace.
The gnoll closely misses you.
Casting: Freeze (safe; 1% risk of failure)
Confirm with . or Enter, or press ? or * to list all spells.
Aiming: Freeze (safe; 1% risk of failure)
Press: ? - help, Shift-Dir - straight line, f - gnoll
Aim: a gnoll, wielding a +0 spear You freeze the gnoll!
The gnoll is severely wounded.
The gnoll closely misses you.
Unknown command.
Casting: Freeze (safe; 1% risk of failure)
Confirm with . or Enter, or press ? or * to list all spells.
Aiming: Freeze (safe; 1% risk of failure)
Press: ? - help, Shift-Dir - straight line, f/p - gnoll
Aim: a gnoll, wielding a +0 spear (severely wounded)
You freeze the gnoll!
You kill the gnoll!
Unknown command.
An adder comes into view.
An adder is nearby!
You see here a +0 spear. 3 gnolls come into view.
Found an ichor-stained dagger and a viscous coppery potion.
A rat comes into view.
The gnoll shouts!
The gnoll hits you with a +0 flail!
The adder hisses angrily.
Unknown command.
The gnoll attacks as you move away! The gnoll closely misses you.
The gnoll attacks as you move away! The gnoll hits you with a +0 flail!
* * * LOW HITPOINT WARNING * * *
The gnoll attacks as you move away! The gnoll closely misses you.
The gnoll attacks as you move away! The gnoll hits you with a +0 flail!
* * * LOW HITPOINT WARNING * * *
The gnoll attacks as you move away! The gnoll hits you with a +0 flail!
You die...

#.......#
#.###..##
#########.##..##
........#.##.##
.!......#.#..#
........#...##
......g.#.)##
...)...g#..#
......Sg@..#
.....r....##
.......>..#
........###
....)...#
#########


You could see 3 gnolls, an adder and a rat.

Vanquished Creatures
  Robin (D:2)
  A gnoll (D:2)
  2 adders (D:2)
  A dart slug (D:1)
  5 ball pythons
  2 bats (D:1)
  A giant cockroach (D:1)
  3 hobgoblins (D:2)
  A quokka (D:2)
  A frilled lizard (D:2)
  9 goblins
  2 kobolds (D:1)
  4 rats
33 creatures vanquished.

Notes
Turn   | Place    | Note
-------+----------+-------------------------------------------
     0 | D:1      | safid the Merfolk Ice Elementalist began the quest for the
                  | Orb.
     0 | D:1      | Reached XP level 1. HP: 13/13 MP: 3/3
   332 | D:1      | Reached XP level 2. HP: 20/20 MP: 1/5
   475 | D:1      | Reached skill level 1 in Fighting
   846 | D:2      | Reached XP level 3. HP: 24/26 MP: 1/6
   851 | D:2      | Learned a level 3 spell: Frozen Ramparts
   917 | D:2      | Noticed Robin
   934 | D:2      | Killed Robin
  1073 | D:2      | Learned a level 3 spell: Ozocubu's Armour
  1138 | D:2      | Reached skill level 5 in Ice Magic
  1138 | D:2      | Reached XP level 4. HP: 28/33 MP: 4/8
  1187 | D:2      | Mangled by a gnoll

Illustrated notes

Levels and vault maps discovered:
D:1:      psy_arrival_conway, layout_basic
D:2:      layout_basic, uniq_robin

Skill      XL: |  1  2  3 |
---------------+----------+-----
Fighting       | 1 2 |  2.1
Ice Magic      | 5 |  5.0
Dodging        | |  2.6
Stealth        | |  2.1
Spellcasting   | |  2.8

Action                     |  1- 3 |  4- 6 || total
---------------------------+-------+-------++-------
  Melee: Short sword       |    67 |       ||    67
   Cast: Freeze            |    20 |     2 ||    22
         Frozen Ramparts   |     2 |       ||     2
   Stab: Sleeping          |     2 |       ||     2
 Armour: Robe              |     9 |     1 ||    10
  Dodge: Dodged            |    58 |     4 ||    62
